 Dungeon Crawl Stone Soup version 0.30-a0-715-gdb4ae3ece1 (webtiles) character file.

Game seed: 4457632798002742274

13922 Dirtsage the Martial Artist (level 12, -8/98 HPs)
             Began as an Octopode Transmuter on Jan 23, 2023.
             Was a Believer of the Shining One.
             Mangled by a salamander
             ... wielding a +0 halberd
              (21 damage)
             ... in a volcano.
             The game lasted 00:27:26 (9370 turns).

Dirtsage the Martial Artist (Octopode Transmuter)   Turns: 9370, Time: 00:27:27

Health: -8/98      AC: 16    Str:  9    XL:     12   Next: 11%
Magic:  1/19       EV: 12    Int: 20    God:    the Shining One [**....]
Gold:   519        SH:  0    Dex: 13    Spells: 2/21 levels left

rFire   x . .      SeeInvis .      - Unarmed
rCold   + + +      Faith    .    (shield currently unavailable)
rNeg    + . .      Spirit   .    (helmet currently unavailable)
rPois   +          Reflect  .    c - amulet of regeneration
rElec   .          Harm     .    W - ring of wizardry
rCorr   .          Rampage  .    f - +4 ring of protection
Will    .....                    n - +4 ring of protection
Stlth   +                        u - ring of wizardry
HPRegen 1.16/turn                (no ring)
MPRegen 0.16/turn                (no ring)
                                 (no ring)
                                 (no ring)

@: ice-form, glowing
A: freezing attack, boosted hp, almost no armour, amphibious, 8 rings, large,
(camouflage 1), (gelatinous body 1), (nimble swimmer 1), (tentacles)
a: End Transformation, Renounce Religion, Divine Shield


You were in a volcano.
You worshipped the Shining One.
The Shining One was pleased with you.
You were a creature of crystalline ice.
You visited 3 branches of the dungeon, and saw 12 of its levels.
You also visited: Volcano.

You collected 519 gold pieces.

Inventory:

Missiles
 o - a curare-tipped dart
Magical Staves
 C - a staff of fire
Jewellery
 c - an amulet of regeneration (around neck)
 f - a +4 ring of protection (right front paw)
 n - a +4 ring of protection (on tentacle)
 u - a ring of wizardry (on tentacle)
 v - an amulet of the acrobat
 W - a ring of wizardry (left front paw)
Wands
 w - a wand of flame (9)
 x - a wand of charming (7)
 y - a wand of polymorph (1)
Scrolls
 a - 3 scrolls of poison
 e - 2 scrolls of immolation
 g - a scroll of fear
 l - a scroll of brand weapon
 t - 10 scrolls of teleportation
 B - a scroll of blinking
Potions
 b - 2 potions of mutation {unknown}
 d - 5 potions of brilliance {unknown}
 h - 3 potions of flight {unknown}
 i - a potion of resistance {unknown}
 j - a potion of degeneration {unknown}
 k - a potion of lignification
 m - 4 potions of heal wounds {unknown}
 p - a potion of cancellation {unknown}
 q - 6 potions of curing
 r - 3 potions of might {unknown}
 z - a potion of invisibility {unknown}


   Skills:
 + Level 8.1 Fighting
 + Level 5.6 Dodging
 + Level 8.8 Unarmed Combat
 - Level 5.0 Spellcasting
 * Level 2.2 Conjurations
 - Level 2.1 Summonings
 - Level 8.0 Transmutations
 - Level 6.0 Ice Magic
 - Level 6.1 Air Magic
 - Level 3.0 Poison Magic
 + Level 6.2 Invocations


You had 2 spell levels left.
You knew the following spells:

 Your Spells              Type           Power      Damage    Failure   Level
a - Ice Form              Ice/Tmut       33%        N/A       1%          4
b - Wereblood             Tmut           37%        N/A       1%          2
c - Beastly Appendage     Tmut           74%        N/A       1%          1
d - Summon Lightning Spi  Summ/Air       21%        N/A       6%          4
e - Lightning Bolt        Conj/Air       10%        1d23      16%         5
x - Mephitic Cloud        Conj/Pois/Air  20%        N/A       2%          3

Your spell library contained the following spells:

 Spells                   Type           Power      Damage    Failure   Level
 Magic Dart               Conj           56%        1d5       1%          1
 Call Imp                 Summ           13%        N/A       1%          2
 Spider Form              Tmut/Pois      27%        N/A       1%          3
 Airstrike                Air            14%        2d(3-19)  2%          4
 Animate Dead             Necr           5%         N/A       28%         4
 Borgnjor's Vile Clutch   Necr/Erth      2%         N/A       58%         5
 Death Channel            Necr           2%         N/A       98%         6


Dungeon Overview and Level Annotations

Branches:
Dungeon (10/15)            Temple (1/1) D:6            Lair (1/5) D:8
Volcano (1/1)
    Orc: D:9-12

Altars:
Ashenzari
Cheibriados
Dithmenos
Elyvilon
Fedhas
Gozag
Hepliaklqana
Kikubaaqudgha
Makhleb
Nemelex Xobeh
Okawaru
Qazlal
Ru
Sif Muna
Trog
Uskayaw
Vehumet
Wu Jian
Xom
Yredelemnul
Zin
The Shining One


Innate Abilities, Weirdness & Mutations

You are a creature of crystalline ice.
You have a powerful freezing melee attack.
Your maximum health is increased.
Your armour is entirely melded.
You are incapable of wielding weapons or throwing items.
You cannot wear most types of armour.
You are amphibious.
You can wear up to eight rings at the same time.
((Your skin changes colour to match your surroundings (Stealth+).))
((Your rubbery body absorbs attacks. (AC +1, EV +1)))
((You are camouflaged when in or above water. (Stealth+)))
((You have tentacles for arms and can constrict up to eight enemies at once.))


Message History

Your lightning spire shoots out a bolt of lightning at the cyclops!
The bolt of electricity hits the cyclops!
You hear a shout!
You bludgeon the cyclops!
You kill the cyclops!
Your Conjurations skill increases to level 2!
You start resting.
A cyclops comes into view.
The cyclops throws a large rock.
The large rock misses you.
Casting: Mephitic Cloud (mildly dangerous; 2% risk of failure)
Confirm with . or Enter, or press ? or * to list all spells.
You turn into a creature of crystalline ice.
You regained 15 hp, and now have 84/98 hp.
You now have 0/19 mp.
The cyclops throws a large rock.
The large rock hits you!!
You take 25 damage, and have 60/98 hp.
MASSIVE DAMAGE!!
Your lightning spire shoots out a bolt of lightning at the cyclops!
The bolt of electricity hits the cyclops!
The cyclops completely misses you.
You regained 2 hp, and now have 64/98 hp.
You punch the cyclops! You freeze the cyclops.
The cyclops is moderately wounded.
A salamander comes into view. It is wielding a +0 halberd.
You punch the cyclops! You freeze the cyclops.
The cyclops is severely wounded.
The cyclops hits you!
You take 7 damage, and have 58/98 hp.
You hit the cyclops. You freeze the cyclops.
The cyclops is severely wounded.
The salamander hits you from afar with a +0 halberd.
You are engulfed in flames!!
The fire burns you terribly! The cyclops hits you!!
* * * LOW HITPOINT WARNING * * *
You take 39 damage, and have 19/98 hp.
MASSIVE DAMAGE!!
You hit the cyclops. You freeze the cyclops.
The cyclops is severely wounded.
The salamander hits you from afar with a +0 halberd!
* * * LOW HITPOINT WARNING * * *
You are engulfed in flames!!
The fire burns you terribly!
You die...

##.8..8##..####
########..#
#..# #..# #..#
#8.# #(.# #(.#
#.Y# #.C# #..N
#.... #~~###
#~~# ####


You could see a salamander, a cyclops (ally target) and a friendly lightning
spire (summoned).

Vanquished Creatures
  A two-headed ogre (D:10)
  Pikel (D:4)
  3 cyclopes (Volcano)
  A salamander (Volcano)
  5 elephants (Lair:1)
  A molten gargoyle (Volcano)
  3 cane toads (Lair:1)
  2 gargoyles (Volcano)
  A komodo dragon (Lair:1)
  A troll (D:9)
  Sigmund (D:6)
  A shadow (D:9)
  A wraith (D:10)
  16 yaks
  A steam dragon (D:7)
  Menkaure (D:4)
  Edmund (D:6)
  A swamp worm (D:9)
  Duvessa (D:4)
  5 water moccasins
  8 black bears
  3 sky beasts
  An orc warrior (D:8)
  An ogre (D:6)
  A centaur (D:8)
  A phantom (D:4)
  A kobold brigand (D:7)
  Blork the orc (D:4)
  6 bullfrogs
  2 scorpions
  2 necrophages
  7 wights
  Dowan (D:4)
  A killer bee (D:8)
  3 electric eels (D:7)
  3 hounds
  4 orc priests
  3 jellies
  3 iguanas
  4 orc wizards
  4 gnolls (D:3)
  9 adders
  A shadow imp (D:6)
  A white imp (D:8)
  An ufetubus (D:5)
  A worm (D:2)
  3 dart slugs
  25 orcs
  7 endoplasms
  A giant cockroach (D:3)
  3 goblins
  6 hobgoblins
  5 quokkas
  9 ball pythons
  3 bats
  8 frilled lizards
  18 kobolds
  4 rats
213 creatures vanquished.

Vanquished Creatures (collateral kills)
  A salamander (Volcano)
1 creature vanquished.

Vanquished Creatures (others)
  34 fungi
  28 plants
  4 toadstools (D:4)
66 creatures vanquished.

Grand Total: 280 creatures vanquished

Notes
Turn   | Place    | Note
-------+----------+-------------------------------------------
     0 | D:1      | Dirtsage the Octopode Transmuter began the quest for the
                  | Orb.
     0 | D:1      | Reached XP level 1. HP: 13/13 MP: 3/3
   107 | D:1      | Reached XP level 2. HP: 13/18 MP: 3/5
   110 | D:1      | Learned a level 2 spell: Wereblood
   669 | D:2      | Reached XP level 3. HP: 23/23 MP: 6/6
   839 | D:2      | Reached XP level 4. HP: 26/29 MP: 5/7
   844 | D:2      | Learned a level 4 spell: Ice Form
  1527 | D:3      | Found a shimmering altar of Xom.
  1531 | D:3      | Found a hazy altar of Hepliaklqana.
  1539 | D:3      | Found a basalt altar of Yredelemnul.
  1542 | D:3      | Found a stormy altar of Qazlal.
  1544 | D:3      | Found a hide-covered altar of Uskayaw.
  1549 | D:3      | Found a shimmering blue altar of Sif Muna.
  1602 | D:3      | Reached XP level 5. HP: 34/34 MP: 0/9
  1886 | D:3      | Found a faded altar of an unknown god.
  2186 | D:4      | Reached XP level 6. HP: 41/41 MP: 6/10
  2221 | D:4      | Noticed Menkaure
  2249 | D:4      | Killed Menkaure
  2440 | D:4      | Noticed Blork the orc
  2489 | D:4      | Noticed Pikel
  2501 | D:4      | Killed Pikel
  2502 | D:4      | Reached XP level 7. HP: 46/46 MP: 6/13
  2508 | D:4      | Killed Blork the orc
  2509 | D:4      | Reached XP level 8. HP: 33/52 MP: 7/14
  2788 | D:4      | Reached skill level 5 in Transmutations
  3039 | D:4      | Noticed Duvessa
  3039 | D:4      | Noticed Dowan
  3065 | D:4      | Killed Duvessa
  3075 | D:4      | Killed Dowan
  3076 | D:4      | Reached skill level 5 in Spellcasting
  3385 | D:5      | Entered Level 5 of the Dungeon
  3475 | D:5      | Reached skill level 5 in Unarmed Combat
  3598 | D:5      | Reached skill level 1 in Ice Magic
  3788 | D:5      | Identified the +1 robe of the Assorted Coins {rCorr Str+4
                  | Stlth-}
  4142 | D:6      | Noticed Edmund
  4157 | D:6      | Killed Edmund
  4158 | D:6      | Reached XP level 9. HP: 59/59 MP: 16/16
  4253 | D:6      | Found a glowing golden altar of the Shining One.
  4283 | D:6      | Became a worshipper of the Shining One
  4462 | D:6      | Noticed Sigmund
  4477 | D:6      | Killed Sigmund
  4802 | D:6      | Found a staircase to the Ecumenical Temple.
  4819 | Temple   | Entered the Ecumenical Temple
  5562 | D:7      | Identified the +8 rapier of Ragnarok {freeze, *Slow rF+++
                  | Int-4 Dex+5}
  5628 | D:7      | Reached skill level 5 in Fighting
  5905 | D:7      | Reached skill level 5 in Ice Magic
  6194 | D:8      | Reached XP level 10. HP: 66/66 MP: 12/17
  6214 | D:8      | Reached skill level 1 in Poison Magic
  6218 | D:8      | Reached skill level 1 in Air Magic
  6245 | D:8      | Learned a level 3 spell: Mephitic Cloud
  6259 | D:8      | Found an ancient bone altar of Kikubaaqudgha.
  6436 | D:8      | Found a staircase to the Lair.
  6498 | D:8      | Found a flagged portal.
  6629 | D:8      | Reached * piety under the Shining One
  6639 | D:8      | Reached skill level 1 in Invocations
  6937 | D:8      | Found a burning altar of Makhleb.
  7203 | D:8      | Found a shadowy altar of Dithmenos.
  8360 | D:10     | Entered Level 10 of the Dungeon
  8369 | D:10     | Noticed a two-headed ogre
  8384 | D:10     | Killed a two-headed ogre
  8385 | D:10     | Reached XP level 11. HP: 57/74 MP: 15/18
  8454 | Lair:1   | Entered Level 1 of the Lair of Beasts
  8503 | Lair:1   | Reached ** piety under the Shining One
  8513 | Lair:1   | Reached skill level 5 in Air Magic
  8665 | Lair:1   | Learned a level 4 spell: Summon Lightning Spire
  8740 | Lair:1   | Reached skill level 5 in Invocations
  8872 | Lair:1   | Reached skill level 5 in Dodging
  8905 | Lair:1   | Found a dark tunnel.
  8914 | Volcano  | Entered a volcano
  8936 | Volcano  | Reached skill level 1 in Summonings
  8995 | Volcano  | Noticed a salamander
  9008 | Volcano  | Killed a salamander
  9057 | Volcano  | Noticed a salamander
  9061 | Volcano  | Killed a salamander
  9202 | Volcano  | Learned a level 5 spell: Lightning Bolt
  9207 | Volcano  | Noticed an orb of fire
  9262 | Volcano  | Noticed a cyclops
  9281 | Volcano  | Killed a cyclops
  9282 | Volcano  | Reached skill level 1 in Conjurations
  9282 | Volcano  | Reached XP level 12. HP: 76/82 MP: 9/19
  9370 | Volcano  | Mangled by a salamander

Illustrated notes

Levels and vault maps discovered:
D:1:      matt_arrival_grand_opening, layout_rooms
D:2:      layout_loops_ring
D:3:      layout_loops_ring, nicolae_overflow_hallway_of_the_gods,
          nicolae_ecumenical_snake_handling
D:4:      cheibrodos_fertilizer, layout_basic, uniq_duvessa, uniq_menkaure,
          uniq_pikel, uniq_blork_the_orc
D:5:      layout_basic
D:6:      layout_basic, tso_metal_star, temple_pool_b, uniq_edmund, uniq_sigmund
D:7:      layout_rooms, serial_bayou_lake_a
D:8:      layout_basic, kiku_gazebo_pond_becter, mainiacjoe_overflow_big_doors,
          due_lair_maze_entry_diamond, enter_bailey_1, minmay_puff
D:9:      layout_stronghold, worms_lemuel
D:10:     layout_cave_pools, nzn_random_ring, uniq_fannar
Temple:   nicolae_temple_bog_church
Lair:1:   layout_chaotic_city, enter_volcano_1, nicolae_lair_grazing_beasts
          [nicolae_sub_lair_graze_edge, nicolae_sub_lair_graze_edge,
          nicolae_sub_lair_graze_edge, nicolae_sub_lair_graze_edge]
Volcano:  hellmonk_zot_springs

Skill      XL: |  1  2  3  4  5  6  7  8  9 10 11 12 |
---------------+-------------------------------------+-----
Fighting       | 2 3 4 5 6 8 |  8.1
Transmutations | 3 4 6 7 8 |  8.0
Dodging        | 3 4 5 |  5.6
Spellcasting   | 3 4 5 |  5.0
Unarmed Combat | 4 5 6 7 8 |  8.8
Ice Magic      | 2 5 6 |  6.0
Poison Magic   | 3 |  3.0
Air Magic      | 4 6 |  6.1
Invocations    | 3 6 |  6.2
Summonings     | 2 |  2.1
Conjurations   | 1 2 |  2.2

Action                     |  1- 3 |  4- 6 |  7- 9 | 10-12 || total
---------------------------+-------+-------+-------+-------++-------
  Melee: Unarmed           |    57 |    88 |   242 |   281 ||   668
         Constrict         |    16 |     9 |     4 |     5 ||    34
         Tentacles         |    14 |    11 |     4 |    11 ||    40
         Kick              |    10 |     3 |       |     4 ||    17
         Punch             |       |     2 |     1 |     1 ||     4
   Cast: Beastly Appendage |     8 |     1 |       |     2 ||    11
         Ice Form          |       |     9 |    29 |    22 ||    60
         Wereblood         |       |     1 |     7 |    10 ||    18
         Summon Lightning  |       |       |       |     5 ||     5
         Mephitic Cloud    |       |       |       |     2 ||     2
         Lightning Bolt    |       |       |       |     2 ||     2
 Invoke: Divine Shield     |       |       |       |     2 ||     2
    Use: Potion            |       |       |     1 |     1 ||     2
         Scroll            |       |       |     7 |     3 ||    10
   Stab: Sleeping          |     6 |     5 |     1 |       ||    12
 Armour: Skin              |    10 |     8 |   112 |    98 ||   228
  Dodge: Dodged            |    29 |    46 |   103 |    87 ||   265
  Block: Other             |       |       |       |     3 ||     3

Table legend: (Time is in decaauts)
 A = Elapsed time spent in this place.
 B = Non-inter-level travel time spent in this place.
 C = Inter-level travel time spent in this place.
 D = Time resting spent in this place.
 E = Time spent auto-exploring this place.
 F = Levels seen in this place.
 G = Mean time per level.
                   A        B        C        D        E       F      G
               +--------+--------+--------+--------+--------+-----+--------+
         Total |   9293 |   8935 |    358 |    151 |   6910 |  13 |  714.8 |
       Dungeon |   8232 |   7894 |    338 |     48 |   6461 |  10 |  823.2 |
        Temple |    167 |    148 |     19 |      0 |    136 |   1 |  167.0 |
          Lair |    443 |    443 |      0 |      0 |     98 |   1 |  443.0 |
       Volcano |    450 |    450 |      0 |    103 |    215 |   1 |  450.0 |
               +--------+--------+--------+--------+--------+-----+--------+

Top non-repeatable levels by time:
     D:4: 1243 daAuts
     D:8: 1124 daAuts
     D:9: 1108 daAuts
     D:6: 1072 daAuts
     D:3: 781 daAuts
     D:7: 775 daAuts
     D:5: 750 daAuts
     D:2: 745 daAuts
     D:1: 598 daAuts
 Volcano: 450 daAuts
  Lair:1: 443 daAuts
  Temple: 167 daAuts
    D:10: 33 daAuts
